[Event "HUN-chT Youth-Children 2018"]
[Site "Zalakaros"]
[Date "2018.07.27"]
[Round "3"]
[White "Hegedus, Luca"]
[Black "Foldes, Marton Gabor"]
[Result "1-0"]
[ECO "E44"]
[WhiteElo "1805"]
[BlackElo "1590"]
[Annotator "NA"]
[PlyCount "75"]
[EventDate "2018.07.26"]
[EventType "team-tourn"]
[EventCountry "HUN"]
[SourceTitle "playchess.com"]
[Source "ChessBase"]
[SourceQuality "1"]
[TimeControl "5400+30"]

1. d4 Nf6 2. c4 e6 3. Nc3 Bb4 4. e3 b6 5. Nge2 Bb7 6. a3 Bxc3+ 7. Nxc3 O-O 8. Qc2 {[%emt 0:02:36] E44: Nimzo-Indian: Rubinstein: 4...b6 5 Ne2} (8. d5 exd5 9. cxd5 c6 10. Be2 cxd5 11. Bf3 Nc6 12. Nxd5 Nxd5 13. Bxd5 Ba6 14. Qa4 Qc8 15. Bd2 Kh8 16. Bc3 f6 17. f3 {1-0 (48) Hernandez Carmenates,H (2519)-Liang,A (2392) Brownsville 2016}) 8... d6 9. e4 Nbd7 10. Bd3 $146 ({Predecessor:} 10. Be2 h6 11. O-O e5 12. d5 Qe7 13. Be3 Kh7 14. b4 g6 15. f3 Nh5 {0-1 (57) Pozanco Romasanta,M (1940)-Tejedor Fuente,E (2225) Benidorm 2011}) 10... c5 11. d5 Ne5 12. O-O h6 13. Be2 Ba6 14. f4 Ned7 15. dxe6 fxe6 16. Rd1 Ne8 (16... Qe7 $16 {war nötig.}) 17. e5 Qc7 18. exd6 Nxd6 19. Qd2 Nf5 20. Qxd7 Qxd7 21. Rxd7 Nd4 22. Bf1 Bc8 23. Rd6 Kf7 24. Nb5 Ke7 25. Rxd4 cxd4 26. Nxd4 Bb7 27. Bd2 Kf7 28. Re1 Bc8 $18 29. g3 a6 30. Bb4 Re8 31. Bg2 Ra7 32. Nc6 Rc7 33. Bd6 Rb7 34. Ne5+ Kf6 35. Bxb7 Bxb7 36. Nd7+ Kf7 37. Nxb6 Rd8 38. c5 1-0

[Event "HUN-chT Youth-Children 2018"]
[Site "Zalakaros"]
[Date "2018.07.27"]
[Round "3"]
[White "Koltai, Dora"]
[Black "Forgacs, Attila Jr"]
[Result "0-1"]
[ECO "C88"]
[WhiteElo "1786"]
[BlackElo "1911"]
[Annotator "NA"]
[PlyCount "76"]
[EventDate "2018.07.26"]
[EventType "team-tourn"]
[EventCountry "HUN"]
[SourceTitle "playchess.com"]
[Source "ChessBase"]
[SourceQuality "1"]
[TimeControl "5400+30"]

1. e4 e5 2. Nf3 Nc6 3. Bb5 a6 4. Ba4 Nf6 5. O-O Be7 6. Re1 b5 7. Bb3 O-O 8. a4 b4 9. d3 d6 10. h3 Be6 {[%emt 0:01:42] C88: Closed Ruy Lopez: Anti-Marshall Systems} 11. Nbd2 (11. Bxe6 fxe6 12. Nbd2 Qe8 13. c3 Rb8 14. d4 bxc3 15. bxc3 exd4 16. cxd4 Nb4 17. e5 Nfd5 18. Ne4 {½-½ (70) Sjugirov,S (2667)-Sasikiran,K (2637) Moscow 2016}) 11... h6 12. Nc4 Qc8 13. c3 {[%emt 0:03:56] [#]} bxc3 $146 ({Predecessor:} 13... Rb8 14. Bc2 Re8 15. Ne3 Bf8 16. d4 bxc3 17. bxc3 exd4 18. cxd4 {0-1 (33) Reichenbach,W (2319)-Rabiega,R (2560) Berlin 2008}) 14. bxc3 Rb8 15. Ba2 Rd8 16. d4 exd4 17. cxd4 d5 18. Nce5 Nxe5 19. Nxe5 c5 20. exd5 Nxd5 21. Bxd5 (21. Ba3 $11) 21... Rxd5 ({Don't play} 21... Bxd5 22. Ba3 $15) 22. Qf3 Bf6 ({But not} 22... Rxd4 $6 23. Nc6 $11) 23. Qg3 cxd4 24. Nd3 $19 (24. Bf4 $17 {ist eine bessere Verteidigung.}) 24... Rb3 25. Bf4 Qc2 26. Red1 Bf5 27. Ne1 Qxd1 28. Rxd1 Rxg3 29. Bxg3 d3 30. Bf4 Bc3 31. Be3 d2 32. Nf3 Bc2 33. Rxd2 Bxd2 34. Bxd2 Bxa4 35. Kf1 Bd1 36. Ke1 Bxf3 37. gxf3 Rxd2 38. Kxd2 f5 0-1

[Event "HUN-chT Youth-Children 2018"]
[Site "Zalakaros"]
[Date "2018.07.27"]
[Round "3"]
[White "Megyaszai, Balazs"]
[Black "Pasti, Aron"]
[Result "0-1"]
[ECO "C55"]
[WhiteElo "1710"]
[BlackElo "2069"]
[Annotator "NA"]
[PlyCount "76"]
[EventDate "2018.07.26"]
[EventType "team-tourn"]
[EventCountry "HUN"]
[SourceTitle "playchess.com"]
[Source "ChessBase"]
[SourceQuality "1"]
[TimeControl "5400+30"]

1. e4 e5 2. Nf3 Nc6 3. d4 exd4 4. Bc4 Nf6 5. e5 d5 6. Bb5 Ne4 7. Bxc6+ {[%emt 0:01:32] C56: Two Knights: 4 d4 exd4 5 0-0 Nxe4} (7. Nxd4 Bd7 8. Bxc6 bxc6 9. O-O Be7 10. f3 Nc5 11. Be3 O-O 12. Nd2 f6 13. exf6 Rxf6 14. Bg5 Rg6 15. Bxe7 Qxe7 16. Re1 Qh4 17. N2b3 Nxb3 18. Nxb3 Rh6 19. Qd4 Qxh2+ 20. Kf2 Rg6 21. Rg1 Rf8 22. Raf1 Re8 23. Rd1 Bh3 {0-1 (23) Adhiban,B (2666)-Volokitin,A (2649) Doha 2016}) 7... bxc6 8. Nxd4 Bc5 9. O-O Ba6 10. Re1 Nxf2 11. Kxf2 Qh4+ 12. g3 Qxd4+ 13. Qxd4 $146 ({Predecessor:} 13. Be3 Qxd1 14. Rxd1 Bxe3+ 15. Kxe3 O-O {0-1 (37) Sanchez Gonzalez,S (2062)-Taboas Rodriguez,D (2323) Collado Villalba 2006}) 13... Bxd4+ 14. Kg2 O-O 15. c3 Bc5 16. Nd2 Bd3 17. a4 a5 18. Nb3 Bb6 19. Nd4 c5 20. Nb5 c6 21. Nd6 Rad8 22. Bf4 c4 23. h4 Rd7 24. h5 Bc7 25. h6 Rb8 26. Ra2 f6 27. e6 Rxd6 28. Bxd6 Bxd6 29. hxg7 Kxg7 30. g4 Kg6 31. Kh3 Be5 32. Rg1 Kg5 33. Re1 Re8 $19 34. Raa1 Rxe6 35. Rad1 Be4 36. Rg1 Re8 37. Rdf1 Bf4 38. Re1 Rg8 0-1

[Event "HUN-chT Youth-Children 2018"]
[Site "Zalakaros"]
[Date "2018.07.27"]
[Round "3"]
[White "Kiss, Eniko"]
[Black "Egyed, Judit"]
[Result "0-1"]
[ECO "B91"]
[WhiteElo "1697"]
[BlackElo "2171"]
[Annotator "NA"]
[PlyCount "66"]
[EventDate "2018.07.26"]
[EventType "team-tourn"]
[EventCountry "HUN"]
[SourceTitle "playchess.com"]
[Source "ChessBase"]
[SourceQuality "1"]
[TimeControl "5400+30"]

1. e4 c5 2. Nf3 d6 3. d4 cxd4 4. Nxd4 Nf6 5. Nc3 a6 6. g3 e5 7. Nde2 b5 8. a3 Bb7 9. Bg2 Nbd7 10. Nd5 Nxd5 11. exd5 Be7 12. O-O f5 {[%emt 0:06:41] B91: Sicilian Najdorf: 6 g3} 13. Nc3 (13. Be3 $11 {remains equal.}) 13... O-O 14. b4 $146 ({Predecessor:} 14. Bh3 Rc8 15. Qh5 g6 16. Qe2 e4 17. Bh6 Rf7 18. g4 Ne5 19. gxf5 Nf3+ 20. Kh1 gxf5 {0-1 (79) Velasquez,O-Infante Meyer,S (2205) San Salvador 1995}) 14... Bf6 15. Rb1 Rc8 16. Ne2 Qc7 17. c3 Nb6 18. Bb2 Qc4 19. Qd2 Bxd5 20. Bxd5+ Nxd5 21. Rfd1 Nc7 22. Qe3 Qc6 23. Qd3 Be7 24. Rbc1 d5 25. Qe3 Rce8 26. Re1 Bd6 27. Qd2 Qd7 28. Red1 $2 (28. f4 {might work better.}) 28... f4 29. gxf4 (29. Kh1 $142 Qg4 30. Rf1) 29... Qg4+ 30. Kf1 exf4 31. Nd4 f3 32. Nxf3 Qxf3 33. Kg1 Rf6 0-1

[Event "HUN-chT Youth-Children 2018"]
[Site "Zalakaros"]
[Date "2018.07.27"]
[Round "3"]
[White "Gulacsi, Donat Ferenc"]
[Black "Kocsmar, Akos"]
[Result "1/2-1/2"]
[ECO "B20"]
[WhiteElo "1610"]
[BlackElo "1721"]
[Annotator "NA RC"]
[PlyCount "44"]
[EventDate "2018.07.26"]
[EventType "team-tourn"]
[EventCountry "HUN"]
[SourceTitle "playchess.com"]
[Source "ChessBase"]
[SourceQuality "1"]
[TimeControl "5400+30"]

1. e4 c5 2. Ne2 d6 3. c4 Nf6 4. Nbc3 g6 5. d4 cxd4 6. Nxd4 Bg7 7. Be2 O-O 8. Be3 Nc6 9. O-O Nxd4 10. Bxd4 Bd7 11. Rc1 Bc6 12. Qd3 Nd7 13. Bxg7 Kxg7 14. Qd4+ Kg8 15. Nd5 a5 16. f4 Rc8 17. Bg4 e6 18. Nc3 Qb6 19. Qxb6 Nxb6 20. b3 Rcd8 21. f5 e5 22. f6 h5 1/2-1/2

[Event "HUN-chT Youth-Children 2018"]
[Site "Zalakaros"]
[Date "2018.07.27"]
[Round "3"]
[White "Bako, Milan"]
[Black "Fule, Simon"]
[Result "1/2-1/2"]
[ECO "C28"]
[WhiteElo "1573"]
[BlackElo "2061"]
[Annotator "NA"]
[PlyCount "55"]
[EventDate "2018.07.26"]
[EventType "team-tourn"]
[EventCountry "HUN"]
[SourceTitle "playchess.com"]
[Source "ChessBase"]
[SourceQuality "1"]
[TimeControl "5400+30"]

1. e4 e5 2. Bc4 Nc6 3. Nc3 Nf6 4. d3 Be7 5. f4 exf4 6. Bxf4 d6 7. Nf3 Na5 8. Bb3 Nxb3 9. axb3 O-O 10. h3 Nh5 11. Qd2 f5 12. Bg5 Ng3 13. Rg1 Bxg5 14. Nxg5 b6 15. O-O-O h6 16. Nf3 Bb7 17. Rde1 f4 18. Ne2 Nxe2+ 19. Rxe2 a5 20. Qc3 c5 21. g3 Qf6 22. gxf4 Qxc3 23. bxc3 Rxf4 24. Nd2 b5 25. c4 b4 26. e5 Re8 27. Rge1 d5 28. e6 1/2-1/2

[Event "HUN-chT Youth-Children 2018"]
[Site "Zalakaros"]
[Date "2018.07.27"]
[Round "3"]
[White "Markus, Molli Amina"]
[Black "Kobol, Kitti"]
[Result "1-0"]
[ECO "D02"]
[WhiteElo "1566"]
[BlackElo "1224"]
[Annotator "NA"]
[PlyCount "157"]
[EventDate "2018.07.26"]
[EventType "team-tourn"]
[EventCountry "HUN"]
[SourceTitle "playchess.com"]
[Source "ChessBase"]
[SourceQuality "1"]
[TimeControl "5400+30"]

1. d4 d5 2. Nf3 Nf6 3. g3 Bf5 4. Bg2 e6 5. O-O Bd6 6. c4 b6 7. b3 Nbd7 8. Bb2 O-O 9. Nbd2 c5 10. Rc1 Rc8 11. Re1 Re8 12. e3 Bg4 13. e4 dxe4 14. Nxe4 Nxe4 15. Rxe4 Nf6 16. Re1 cxd4 17. Qxd4 Be7 18. Qxd8 Rexd8 19. Ne5 Bf5 20. Nc6 Rd7 21. Nxe7+ Rxe7 22. Bxf6 gxf6 23. Rcd1 e5 24. Rd2 Rd7 25. Rxd7 Bxd7 26. Rd1 Be6 27. Kf1 Kf8 28. Ke2 Ke7 29. Rd2 f5 30. Ke3 Rg8 31. f3 f6 32. Bf1 Bd7 33. b4 Kd8 34. Rd6 Rf8 35. a3 Kc7 36. Rd2 a6 37. Rc2 Ba4 38. Rc3 Rd8 39. Bd3 Bd7 40. c5 bxc5 41. Rxc5+ Kb6 42. Rd5 Kc6 43. Ra5 Bc8 44. Bxa6 Kb6 45. Bxc8 Rxc8 46. Rd5 Rc3+ 47. Rd3 Rc6 48. Kd2 Kb5 49. Rc3 Rd6+ 50. Kc2 Rd5 51. Rd3 Rxd3 52. Kxd3 h6 53. h3 h5 54. h4 Kb6 55. a4 Kc6 56. a5 Kb5 57. Ke3 Ka6 58. g4 fxg4 59. fxg4 hxg4 60. h5 f5 61. h6 f4+ 62. Kf2 e4 63. h7 e3+ 64. Ke2 g3 65. Kf3 g2 66. Kxg2 e2 67. Kf2 f3 68. h8=Q Kb5 69. Qe8+ Kxb4 70. Kxf3 Kxa5 71. Kxe2 Kb4 72. Qc6 Kb3 73. Kd3 Kb4 74. Qc4+ Ka5 75. Qb3 Ka6 76. Kc4 Ka7 77. Kc5 Ka8 78. Kc6 Ka7 79. Qb7# 1-0

[Event "HUN-chT Youth-Children 2018"]
[Site "Zalakaros"]
[Date "2018.07.27"]
[Round "3"]
[White "Horvath, Eszter dr"]
[Black "Kovacs, Kristof"]
[Result "0-1"]
[ECO "C47"]
[WhiteElo "1447"]
[BlackElo "1351"]
[Annotator "NA"]
[PlyCount "80"]
[EventDate "2018.07.26"]
[EventType "team-tourn"]
[EventCountry "HUN"]
[SourceTitle "playchess.com"]
[Source "ChessBase"]
[SourceQuality "1"]
[TimeControl "5400+30"]

1. e4 e5 2. Nf3 Nc6 3. Nc3 Nf6 4. d4 exd4 5. Nxd4 Bc5 6. Be3 Nxd4 7. Bxd4 Bxd4 8. Qxd4 d6 9. O-O-O Be6 10. f4 Bg4 11. Rd2 O-O 12. h3 Bc8 13. g4 Qd7 14. g5 Ne8 15. Bd3 c5 16. Qd5 Nc7 17. Qb3 Qc6 18. Rdd1 Be6 19. Nd5 Nxd5 20. Qc4 Ne3 21. Qc3 Nxd1 22. Rxd1 Bxh3 23. Re1 a6 24. Qd2 c4 25. Be2 b5 26. Bf3 a5 27. Qh2 Bd7 28. Qg3 Qc5 29. e5 Rac8 30. Be4 d5 31. Bxh7+ Kxh7 32. Rg1 Bf5 33. Rh1+ Kg6 34. Qh4 Rh8 35. Qh6+ gxh6 36. gxh6 Rxh6 37. Rf1 c3 38. Rf3 cxb2+ 39. Kxb2 Qxc2+ 40. Ka3 b4# 0-1

[Event "HUN-chT Youth-Children 2018"]
[Site "Zalakaros"]
[Date "2018.07.27"]
[Round "3"]
[White "Lazsadi, Kerka Lilla"]
[Black "Kovacs, Peter"]
[Result "1-0"]
[ECO "C48"]
[WhiteElo "1399"]
[BlackElo "1938"]
[Annotator "NA"]
[PlyCount "73"]
[EventDate "2018.07.26"]
[EventType "team-tourn"]
[EventCountry "HUN"]
[SourceTitle "playchess.com"]
[Source "ChessBase"]
[SourceQuality "1"]
[TimeControl "5400+30"]

1. e4 e5 2. Nf3 Nc6 3. Bb5 Bc5 4. Nc3 Nf6 5. d3 d6 6. Be3 Bg4 7. h3 Bxf3 8. Qxf3 Bd4 9. Bxd4 exd4 10. Ne2 O-O 11. Bxc6 bxc6 12. Nxd4 c5 13. Nf5 Qe8 14. Qg3 Nh5 15. Qg4 f6 16. O-O Qg6 17. Ne7+ Kf7 18. Nxg6 hxg6 19. Qd7+ Kg8 20. Qxc7 Rac8 21. Qxd6 Rfd8 22. Qa6 Kh7 23. Qxa7 Kh6 24. a4 Rh8 25. a5 Rh7 26. Qd7 Rch8 27. g3 g5 28. a6 Kg6 29. a7 Nxg3 30. fxg3 Rxh3 31. Qxh3 Rxh3 32. a8=Q Rxg3+ 33. Kf2 Rh3 34. Qe8+ Kh7 35. Rh1 Rh6 36. Rxh6+ Kxh6 37. Rh1# 1-0

[Event "HUN-chT Youth-Children 2018"]
[Site "Zalakaros"]
[Date "2018.07.27"]
[Round "3"]
[White "Pasti, Zsombor"]
[Black "Kis, Izabella"]
[Result "0-1"]
[ECO "C50"]
[WhiteElo "1249"]
[BlackElo "1446"]
[Annotator "NA"]
[PlyCount "78"]
[EventDate "2018.07.26"]
[EventType "team-tourn"]
[EventCountry "HUN"]
[SourceTitle "playchess.com"]
[Source "ChessBase"]
[SourceQuality "1"]
[TimeControl "5400+30"]

1. e4 e5 2. Nf3 Nc6 3. Nc3 Bc5 4. Bc4 Nf6 5. d3 h6 6. O-O O-O 7. Nxe5 Nxe5 8. d4 Nxc4 9. dxc5 d6 10. Qe2 Ne5 11. f4 Nc6 12. Rd1 Bg4 13. Qe1 Bxd1 14. Qxd1 Re8 15. Qf3 Qe7 16. cxd6 cxd6 17. f5 Nxe4 18. Nd5 Qd8 19. Qg4 Kh7 20. Qh5 Ne5 21. Bf4 Nf6 22. Nxf6+ Qxf6 23. Rf1 g5 24. Bc1 Rac8 25. c3 Nd3 26. Bd2 Re5 27. g4 Kg7 28. Rf3 Ne1 29. Rh3 Re2 30. Be3 Nc2 31. Bxa7 Ra8 32. Bf2 Rxa2 33. Kf1 Rd2 34. b4 Ra1+ 35. Kg2 Rad1 36. Kf3 Qxc3+ 37. Kg2 Rxf2+ 38. Kxf2 Rd2+ 39. Kg1 Qa1# 0-1

[Event "HUN-chT Youth-Children 2018"]
[Site "Zalakaros"]
[Date "2018.07.27"]
[Round "3"]
[White "Horvath, Sebestyen"]
[Black "Farkas, Otto Jr"]
[Result "0-1"]
[ECO "B02"]
[WhiteElo "1040"]
[BlackElo "1880"]
[Annotator "NA"]
[PlyCount "66"]
[EventDate "2018.07.26"]
[EventType "team-tourn"]
[EventCountry "HUN"]
[SourceTitle "playchess.com"]
[Source "ChessBase"]
[SourceQuality "1"]
[TimeControl "5400+30"]

1. e4 Nf6 2. Nc3 d5 3. exd5 Nxd5 4. Nxd5 Qxd5 5. Nf3 Bg4 6. Be2 c5 {[%emt 0:00:15] B02: Alekhine's Defence: Chase Variation and lines with early Nc3} (6... Nc6 7. c4 Qe6 8. d4 Bxf3 9. gxf3 O-O-O 10. d5 Qf6 11. Bd2 Ne5 12. Qb3 e6 13. O-O-O exd5 14. cxd5 Bc5 {0-1 (69) Skara,V (2230)-Gazik,V (2431) Slovakia 2015}) 7. h3 Bh5 8. c3 $146 ({Predecessor:} 8. O-O Nc6 9. b3 O-O-O 10. d3 g5 11. Bb2 f6 12. Nh2 Bxe2 13. Qxe2 h5 14. Rae1 {0-1 (32) Bilic,I (2204)-Juric,G (2313) Pula 2000}) 8... Nc6 9. O-O e5 10. c4 Qd6 11. d3 O-O-O 12. Ng5 Bg6 13. Bh5 Qf6 14. Bxg6 Qxg6 15. Qg4+ f5 16. Qe2 h6 17. Nf3 Bd6 18. b3 Rhe8 19. Bb2 Bc7 20. Rad1 Qf7 21. a4 g5 22. Bc3 Qg6 23. Nh2 h5 24. f3 Nd4 25. Bxd4 Rxd4 26. Kh1 g4 27. fxg4 $19 hxg4 28. hxg4 fxg4 29. Qe3 Rh8 30. Kg1 e4 31. dxe4 Bxh2+ 32. Kf2 g3+ 33. Ke2 Rxe4 0-1

[Event "HUN-chT Youth-Children 2018"]
[Site "Zalakaros"]
[Date "2018.07.27"]
[Round "4"]
[White "Vanczak, Tamas"]
[Black "Buzas, Bertalan"]
[Result "1/2-1/2"]
[ECO "D02"]
[WhiteElo "2339"]
[BlackElo "2230"]
[Annotator "NA"]
[PlyCount "65"]
[EventDate "2018.07.26"]
[EventType "team-tourn"]
[EventCountry "HUN"]
[SourceTitle "playchess.com"]
[Source "ChessBase"]
[SourceQuality "1"]
[TimeControl "5400+30"]

1. d4 Nf6 2. Nf3 d5 3. Bf4 g6 4. e3 c5 5. c3 Nc6 6. Nbd2 Bg7 7. Bd3 O-O 8. h3 b6 9. O-O Bb7 10. a4 Nd7 11. Bb5 Re8 12. Re1 a6 13. Bxc6 Bxc6 14. b4 a5 15. Qb3 e5 16. Nxe5 Nxe5 17. Bxe5 Bxe5 18. dxe5 Rxe5 19. Nf3 Re6 20. bxc5 bxc5 21. Qa3 Qe7 22. Rab1 g5 23. Rb6 h5 24. Nd4 cxd4 25. Qxe7 Rxe7 26. Rxc6 dxc3 27. Rxc3 Re4 28. Ra1 Rc4 29. Rd3 Rd8 30. Rb3 Rb4 31. Rxb4 axb4 32. Rb1 Rb8 33. a5 1/2-1/2

[Event "HUN-chT Youth-Children 2018"]
[Site "Zalakaros"]
[Date "2018.07.27"]
[Round "4"]
[White "Papp, Levente"]
[Black "Acs, Marton"]
[Result "1/2-1/2"]
[ECO "A05"]
[WhiteElo "2311"]
[BlackElo "2204"]
[Annotator "NA"]
[PlyCount "138"]
[EventDate "2018.07.26"]
[EventType "team-tourn"]
[EventCountry "HUN"]
[SourceTitle "playchess.com"]
[Source "ChessBase"]
[SourceQuality "1"]
[TimeControl "5400+30"]

1. Nf3 Nf6 2. g3 b6 3. Bg2 Bb7 4. O-O e6 5. d3 d5 6. c3 Be7 7. Nbd2 O-O 8. Qc2 c5 9. Re1 Nc6 10. e4 Qc7 11. Nf1 Rfd8 12. e5 Nd7 13. Bf4 b5 14. h4 Bf8 15. h5 h6 16. g4 f6 17. d4 fxe5 18. dxe5 Nb6 19. g5 Qf7 20. Qc1 d4 21. gxh6 Nd5 22. Bg5 gxh6 23. Bxd8 Rxd8 24. Re4 dxc3 25. bxc3 Bg7 26. c4 Ndb4 27. Rf4 Qxh5 28. Ng3 Qg6 29. cxb5 Nd3 30. Qc4 Na5 31. Rg4 Nxc4 32. Rxg6 Bxf3 33. Bxf3 Ncxe5 34. Rxg7+ Kxg7 35. Be2 c4 36. Ne4 Nf4 37. Kf1 Rd4 38. f3 h5 39. Kf2 Nxe2 40. Kxe2 Ng6 41. a4 e5 42. a5 Nf4+ 43. Kf2 Rd3 44. b6 axb6 45. a6 Rd8 46. a7 Ra8 47. Nd6 Nd3+ 48. Ke2 Nb4 49. Nxc4 Nc6 50. Nxb6 Rxa7 51. Rxa7+ Nxa7 52. Kf2 Kf6 53. Nd5+ Kg5 54. Ne3 Nc6 55. Kg2 Nd4 56. Nf1 Kf4 57. Nd2 h4 58. Ne4 Nxf3 59. Nf6 e4 60. Nd5+ Ke5 61. Ne3 Kd4 62. Kf2 Kd3 63. Nf5 h3 64. Kg3 h2 65. Kg2 e3 66. Nxe3 Kxe3 67. Kh1 Kf4 68. Kg2 Kg4 69. Kh1 Kg3 1/2-1/2

[Event "HUN-chT Youth-Children 2018"]
[Site "Zalakaros"]
[Date "2018.07.27"]
[Round "4"]
[White "Krstulovic, Alex"]
[Black "Bohus, Adam"]
[Result "0-1"]
[ECO "D25"]
[WhiteElo "2289"]
[BlackElo "2231"]
[Annotator "NA"]
[PlyCount "46"]
[EventDate "2018.07.26"]
[EventType "team-tourn"]
[EventCountry "HUN"]
[SourceTitle "playchess.com"]
[Source "ChessBase"]
[SourceQuality "1"]
[TimeControl "5400+30"]

1. d4 d5 2. Nf3 Nf6 3. c4 dxc4 4. e3 a6 5. Bxc4 e6 6. O-O c5 7. Bb3 Nc6 8. Nc3 b5 9. d5 exd5 10. Bxd5 Nxd5 11. Nxd5 Bg4 12. h3 Bh5 13. e4 Bd6 14. g4 Bg6 15. e5 Be7 16. Nxe7 Qxe7 17. Bg5 Qe6 18. Qc1 c4 19. Rd1 Bd3 20. Bf4 h5 21. Qe3 hxg4 22. hxg4 Qxg4+ 23. Bg3 Be4 0-1

[Event "HUN-chT Youth-Children 2018"]
[Site "Zalakaros"]
[Date "2018.07.27"]
[Round "4"]
[White "Kokeny, Norbert Adrian"]
[Black "Polyik, Peter"]
[Result "1/2-1/2"]
[ECO "A13"]
[WhiteElo "2249"]
[BlackElo "2265"]
[Annotator "NA"]
[PlyCount "58"]
[EventDate "2018.07.26"]
[EventType "team-tourn"]
[EventCountry "HUN"]
[SourceTitle "playchess.com"]
[Source "ChessBase"]
[SourceQuality "1"]
[TimeControl "5400+30"]

1. c4 e6 2. Nf3 d5 3. e3 Nf6 4. Nc3 c6 5. b3 Nbd7 6. Bb2 Bd6 7. Qc2 O-O 8. Rc1 Qe7 9. cxd5 exd5 10. d4 Re8 11. Nd2 Nf8 12. Bd3 Ne6 13. Ne2 Ng5 14. Ng3 Nge4 15. Bxe4 Nxe4 16. Ngxe4 dxe4 17. Nc4 Bc7 18. h4 Bf5 19. Qe2 Qe6 20. Qd2 Qg6 21. g3 Rad8 22. Na5 Bc8 23. Rc5 Rd5 24. Qc3 Red8 25. Ba3 Rxc5 26. Qxc5 Bd6 27. Qc1 Bc7 28. Qc5 Bd6 29. Qc1 Bc7 1/2-1/2

[Event "HUN-chT Youth-Children 2018"]
[Site "Zalakaros"]
[Date "2018.07.27"]
[Round "4"]
[White "Ugroczky, Peter"]
[Black "Egyed, Judit"]
[Result "0-1"]
[ECO "B53"]
[WhiteElo "2247"]
[BlackElo "2171"]
[Annotator "NA"]
[PlyCount "76"]
[EventDate "2018.07.26"]
[EventType "team-tourn"]
[EventCountry "HUN"]
[SourceTitle "playchess.com"]
[Source "ChessBase"]
[SourceQuality "1"]
[TimeControl "5400+30"]

1. e4 c5 2. Nf3 d6 3. d4 cxd4 4. Qxd4 Nc6 5. Bb5 Bd7 6. Bxc6 Bxc6 7. Nc3 Nf6 8. Bg5 e6 9. O-O-O Be7 10. Qd3 O-O 11. Nd4 d5 12. e5 Ng4 13. Bxe7 Qxe7 14. Qg3 Nh6 15. f4 a6 16. Qf3 f6 17. Rde1 Bd7 18. exf6 Qxf6 19. Nce2 Nf7 20. Rhf1 Rac8 21. Rd1 Nd6 22. g4 Ne4 23. Ng3 e5 24. Ndf5 Ba4 25. b3 exf4 26. Nxe4 dxe4 27. Qxe4 Qa1+ 28. Kd2 Qc3+ 29. Kc1 Qa1+ 30. Kd2 Rcd8+ 31. Ke2 Bb5+ 32. c4 Qxa2+ 33. Kf3 Qxb3+ 34. Kg2 Rxd1 35. Nh6+ Kh8 36. cxb5 Rxf1 37. Kxf1 Qxb5+ 38. Kg1 Qb6+ 0-1

[Event "HUN-chT Youth-Children 2018"]
[Site "Zalakaros"]
[Date "2018.07.27"]
[Round "4"]
[White "Juhasz, Agoston"]
[Black "Czupor, Attila"]
[Result "1/2-1/2"]
[ECO "C47"]
[WhiteElo "2244"]
[BlackElo "2239"]
[Annotator "NA"]
[PlyCount "35"]
[EventDate "2018.07.26"]
[EventType "team-tourn"]
[EventCountry "HUN"]
[SourceTitle "playchess.com"]
[Source "ChessBase"]
[SourceQuality "1"]
[TimeControl "5400+30"]

1. e4 e5 2. Nf3 Nc6 3. Nc3 Nf6 4. d4 exd4 5. Nxd4 Bb4 6. Nxc6 bxc6 7. Bd3 O-O 8. O-O d5 9. exd5 cxd5 10. h3 c6 11. Qf3 Rb8 12. Bf4 Bd6 13. b3 Rb7 14. Ne2 Re7 15. Rad1 Bxf4 16. Nxf4 Qa5 17. a4 Rfe8 18. Nh5 1/2-1/2

[Event "HUN-chT Youth-Children 2018"]
[Site "Zalakaros"]
[Date "2018.07.27"]
[Round "4"]
[White "Borhy, Marcell"]
[Black "Marosi, Levente"]
[Result "1/2-1/2"]
[ECO "A40"]
[WhiteElo "2234"]
[BlackElo "2337"]
[Annotator "NA"]
[PlyCount "66"]
[EventDate "2018.07.26"]
[EventType "team-tourn"]
[EventCountry "HUN"]
[SourceTitle "playchess.com"]
[Source "ChessBase"]
[SourceQuality "1"]
[TimeControl "5400+30"]

1. d4 Nf6 2. c4 e6 3. g3 d5 4. Nf3 Bb4+ 5. Bd2 Be7 6. Bg2 O-O 7. Qc2 c6 8. O-O Nbd7 9. Bf4 b6 10. Rd1 Bb7 11. Nc3 dxc4 12. Nd2 Nd5 13. Nxc4 Nxf4 14. gxf4 Nf6 15. Ne5 Nd5 16. Nxd5 cxd5 17. Rac1 Bd6 18. e3 Qe7 19. Qa4 a6 20. Qd7 Rfc8 21. f5 Kf8 22. fxe6 fxe6 23. Qxe7+ Kxe7 24. Nd3 a5 25. Rxc8 Rxc8 26. Rc1 Rxc1+ 27. Nxc1 Ba6 28. h3 Kf6 29. Bf1 Bc8 30. Ne2 Bd7 31. Nc3 Bb4 32. Kg2 Bxc3 33. bxc3 e5 1/2-1/2

[Event "HUN-chT Youth-Children 2018"]
[Site "Zalakaros"]
[Date "2018.07.27"]
[Round "4"]
[White "Geher, Koppany"]
[Black "Gombocz, Zsofia"]
[Result "1-0"]
[ECO "C88"]
[WhiteElo "2207"]
[BlackElo "1996"]
[Annotator "NA"]
[PlyCount "71"]
[EventDate "2018.07.26"]
[EventType "team-tourn"]
[EventCountry "HUN"]
[SourceTitle "playchess.com"]
[Source "ChessBase"]
[SourceQuality "1"]
[TimeControl "5400+30"]

1. e4 e5 2. Nf3 Nc6 3. Bb5 a6 4. Ba4 Nf6 5. O-O Be7 6. Re1 b5 7. Bb3 O-O 8. a4 Bb7 9. d3 d6 10. Nbd2 Na5 11. Ba2 c5 12. Nf1 c4 13. Ne3 Re8 14. Bd2 h6 15. h3 Bf8 16. Nf5 cxd3 17. cxd3 Nc6 18. g4 d5 19. exd5 Nxd5 20. Qb3 Nd4 21. N3xd4 exd4 22. axb5 axb5 23. Qxb5 Rxe1+ 24. Rxe1 Rxa2 25. Qxb7 Nf6 26. Rc1 Ra8 27. Qc7 Qe8 28. Nxd4 Rd8 29. Re1 Qd7 30. Qxd7 Rxd7 31. Bc3 Nd5 32. Re8 Nf4 33. Nf5 Ne6 34. d4 Kh7 35. Ne3 Bd6 36. Nc4 1-0

[Event "HUN-chT Youth-Children 2018"]
[Site "Zalakaros"]
[Date "2018.07.27"]
[Round "4"]
[White "Margl, Roland"]
[Black "Pribelszky, Bence"]
[Result "1/2-1/2"]
[ECO "A05"]
[WhiteElo "2183"]
[BlackElo "2245"]
[Annotator "NA"]
[PlyCount "106"]
[EventDate "2018.07.26"]
[EventType "team-tourn"]
[EventCountry "HUN"]
[SourceTitle "playchess.com"]
[Source "ChessBase"]
[SourceQuality "1"]
[TimeControl "5400+30"]

1. Nf3 Nf6 2. c4 e6 3. g3 b6 4. Bg2 Bb7 5. O-O c5 6. d4 cxd4 7. Qxd4 Nc6 8. Qf4 Ne7 9. Rd1 Ng6 10. Qd2 Bc5 11. Nc3 O-O 12. b3 d5 13. cxd5 Nxd5 14. Nxd5 Bxd5 15. Bb2 f6 16. Ne1 Bxg2 17. Kxg2 Qc8 18. Qd7 Rd8 19. Qxc8 Raxc8 20. Rxd8+ Rxd8 21. Nd3 Bd6 22. Rc1 e5 23. Kf3 Nf8 24. e4 Ne6 25. Ke3 g5 26. f3 Kf7 27. Bc3 Ba3 28. Rh1 Rc8 29. Kd2 a5 30. Rf1 Rd8 31. Ke3 Bc5+ 32. Nxc5 Nxc5 33. Rc1 Rd3+ 34. Ke2 Rd7 35. Ke3 Rd3+ 36. Ke2 Rd7 37. Ke3 Ne6 38. Bb2 Rc7 39. Rxc7+ Nxc7 40. Kd3 Ke6 41. a4 Kd7 42. Bc1 Ne6 43. Be3 Kc6 44. Kc4 h5 45. h3 Nf8 46. Bf2 Ng6 47. Be3 h4 48. g4 Nf8 49. Bc1 Ne6 50. Be3 Nd8 51. Bc1 Ne6 52. Be3 Nc7 53. Bd2 Ne6 1/2-1/2